 Dungeon Crawl Stone Soup version 0.30-a0-123-g91d0c66ccf (webtiles) character file.

Game seed: 6735794428086389466

62 ders the Digger (level 4, -1/24 HPs)
             Began as a Gargoyle Earth Elementalist on Sept 18, 2022.
             Was an Initiate of Vehumet.
             Slain by an orc
             ... wielding a +0 hand axe
              (5 damage)
             ... on level 3 of the Dungeon.
             The game lasted 00:02:02 (1962 turns).

ders the Digger (Gargoyle Earth Elementalist)       Turns: 1962, Time: 00:02:03

Health: -1/24      AC:  5    Str: 11    XL:     4   Next: 8%
Magic:  0/8        EV: 11    Int: 18    God:    Vehumet [......]
Gold:   96         SH:  0    Dex: 10    Spells: 7/8 levels left

rFire   . . .      SeeInvis .    e - +1 hand axe (freeze)
rCold   . . .      Faith    .    (no shield)
rNeg    + + .      Spirit   .    a - +0 robe
rPois   ∞          Reflect  .    (no helmet)
rElec   +          Harm     .    (no cloak)
rCorr   .          Rampage  .    (no gloves)
Will    .....                    (no boots)
Stlth   ++........               (no amulet)
HPRegen 0.08/turn                l - ring of positive energy
MPRegen 0.11/turn                (no ring)

@: no status effects
A: sickness immunity, AC +3, negative energy resistance 1, electricity
resistance, torment resistance 1, petrification resistance
a: Renounce Religion


You were on level 3 of the Dungeon.
You worshipped Vehumet.
Vehumet was noncommittal.
You visited 1 branch of the dungeon, and saw 3 of its levels.

You collected 96 gold pieces.

Inventory:

Hand Weapons
 e - a +1 hand axe of freezing (weapon)
Armour
 a - a +0 robe (worn)
Jewellery
 l - a ring of positive energy (left hand)
 m - an amulet of faith
Scrolls
 c - 6 scrolls of identify {unknown}
 g - a scroll of noise {unknown}
 k - a scroll of fog {unknown}
 o - a scroll of blinking {unknown}
Potions
 b - a potion of magic
 d - a potion of haste {unknown}
 f - a potion of attraction {unknown}
 h - a potion of invisibility {unknown}
 i - 2 potions of brilliance {unknown}
 j - a potion of degeneration {unknown}
 n - a potion of heal wounds {unknown}


   Skills:
 - Level 1.5 Dodging
 - Level 2.1 Stealth
 + Level 2.7 Spellcasting
 + Level 2.1 Conjurations
 - Level 0.7 Transmutations
 + Level 4.4 Earth Magic


You had 7 spell levels left.
You knew the following spells:

 Your Spells              Type           Power      Damage    Failure   Level
a - Sandblast             Erth           36%        2d10      2%          1

Your spell library contained the following spells:

 Spells                   Type           Power      Damage    Failure   Level
 Passwall                 Tmut/Erth      9%         N/A       9%          2
 Stone Arrow              Conj/Erth      28%        3d8       13%         3
 Apportation              Tloc           4%         N/A       17%         1
 Necrotise                Necr           8%         1d4       17%         1
 Summon Small Mammal      Summ           8%         N/A       17%         1
 Gell's Gravitas          Tloc           2%         N/A       45%         3
 Teleport Other           Tloc           2%         N/A       45%         3
 Petrify                  Tmut/Erth      11%        N/A       50%         4
 Dispersal                Tloc           1%         N/A       100%        6


Dungeon Overview and Level Annotations

Branches:
Dungeon (3/15)

Altars:
Elyvilon
Trog
Vehumet


Innate Abilities, Weirdness & Mutations

You are immune to sickness and miasma.
Your stone body is resilient. (AC +3)
You are immune to poison.
You resist negative energy. (rN+)
You are resistant to electric shocks. (rElec)
You are resistant to unholy torment.
You are immune to petrification.


Message History

Aiming: Sandblast (safe; 3% risk of failure)
Press: ? - help, Shift-Dir - straight line, f/p - orc
Aim: an orc, wielding a +0 trident and wearing a +0 ring mail (almost dead, 84% to hit)
The blast of sand hits the orc.
You kill the orc!
Vehumet accepts your kill.
An orc comes into view. It is wielding a +0 flail.
You have reached level 4!
You feel clever.
Casting: Sandblast (safe; 2% risk of failure)
Confirm with . or Enter, or press ? or * to list all spells.
Aiming: Sandblast (safe; 2% risk of failure)
Press: ? - help, Shift-Dir - straight line, f - orc
Aim: an orc, wielding a +0 flail (82% to hit)
The blast of sand hits the orc!
You kill the orc!
Vehumet accepts your kill.
An orc comes into view. It is wielding a +0 short sword.
Unknown command.
Casting: Sandblast (safe; 2% risk of failure)
Confirm with . or Enter, or press ? or * to list all spells.
Aiming: Sandblast (safe; 2% risk of failure)
Press: ? - help, Shift-Dir - straight line, f - orc
Aim: an orc, wielding a +0 short sword (82% to hit)
The blast of sand hits the orc!
You kill the orc!
Vehumet accepts your kill.
An orc comes into view. It is wielding a +0 hand axe.
Unknown command.
You are too injured to fight recklessly!
You are too injured to fight recklessly!
An orc comes into view. It is wielding a +0 hand axe.
The orc hits you with a +0 hand axe.
* * * LOW HITPOINT WARNING * * *
You see here a +0 flail.
You are too injured to fight recklessly!
You hit the orc. You freeze the orc.
The orc is moderately wounded.
The orc hits you with a +0 hand axe.
You die...

###########
..).......##########
#########..........#
##.......# #######.#
#@# #.o...#
#.##o...# #.# .#..
#.# # ... ..# ..#


You could see 2 orcs.

Vanquished Creatures
  An adder (D:2)
  A dart slug (D:1)
  3 orcs (D:3)
  5 endoplasms
  2 giant cockroaches (D:1)
  3 goblins
  5 hobgoblins
  6 kobolds
  3 quokkas
  4 ball pythons
  4 bats
  4 frilled lizards (D:2)
  2 rats
43 creatures vanquished.

Vanquished Creatures (others)
  A plant (D:3)
1 creature vanquished.

Grand Total: 44 creatures vanquished

Notes
Turn   | Place    | Note
-------+----------+-------------------------------------------
     0 | D:1      | ders the Gargoyle Earth Elementalist began the quest for
                  | the Orb.
     0 | D:1      | Reached XP level 1. HP: 10/10 MP: 3/3
   205 | D:1      | Found a faded altar of an unknown god.
   251 | D:1      | Reached XP level 2. HP: 13/15 MP: 3/5
   297 | D:1      | Reached skill level 1 in Conjurations
   399 | D:1      | Reached skill level 4 in Earth Magic
   785 | D:1      | Reached XP level 3. HP: 19/19 MP: 3/6
  1845 | D:3      | Found a radiant altar of Vehumet.
  1846 | D:3      | Found a bloodstained altar of Trog.
  1846 | D:3      | Found a white marble altar of Elyvilon.
  1853 | D:3      | Became a worshipper of Vehumet
  1959 | D:3      | Reached XP level 4. HP: 9/24 MP: 1/8
  1962 | D:3      | Slain by an orc

Illustrated notes

Levels and vault maps discovered:
D:1:      lemuel_arrival_muddy, layout_loops_cross,
          chequers_ecumenical_altar_island
D:2:      layout_loops_cross, minmay_cupped
D:3:      kb_forest_paths, layout_basic, gammafunk_temple_overflow_forgotten

Skill      XL: |  1  2  3 |
---------------+----------+-----
Conjurations   | 1 2 |  2.1
Earth Magic    | 4 |  4.4
Dodging        | |  1.5
Stealth        | |  2.1
Spellcasting   | |  2.7
Transmutations | |  0.7

Action                   |  1- 3 |  4- 6 || total
-------------------------+-------+-------++-------
Melee: Hand axe          |     3 |     1 ||     4
 Cast: Sandblast         |    58 |     2 ||    60
Armor: Robe              |     5 |       ||     5
Dodge: Dodged            |    14 |       ||    14

Table legend: (Time is in decaauts)
 A = Elapsed time spent in this place.
 B = Non-inter-level travel time spent in this place.
 C = Inter-level travel time spent in this place.
 D = Time resting spent in this place.
 E = Time spent auto-exploring this place.
 F = Levels seen in this place.
 G = Mean time per level.
                   A        B        C        D        E       F      G
               +--------+--------+--------+--------+--------+-----+--------+
         Total |   1997 |   1952 |     45 |     52 |   1665 |   3 |  665.7 |
       Dungeon |   1997 |   1952 |     45 |     52 |   1665 |   3 |  665.7 |
               +--------+--------+--------+--------+--------+-----+--------+

Top non-repeatable levels by time:
     D:1: 1008 daAuts
     D:2: 836 daAuts
     D:3: 152 daAuts
